 Dungeon Crawl Stone Soup version 0.22-b1-26-g9dbaab1 (webtiles) character file.

139 dracos369 the Conjurer (level 5, -3/35 HPs)
             Began as a Demonspawn Wizard on Aug 7, 2018.
             Slain by a gnoll
             ... wielding a +0 whip
              (4 damage)
             ... on level 2 of the Dungeon.
             The game lasted 00:12:59 (2083 turns).

dracos369 the Conjurer (Demonspawn Wizard)          Turns: 2083, Time: 00:13:00

Health: -3/35      AC:  5    Str:  7    XL:     5   Next: 1%
Magic:  8/9        EV: 17    Int: 19    God:
Gold:   197        SH:  0    Dex: 18    Spells: 4/10 levels left

rFire    . . .     SeeInvis .     - Unarmed
rCold    . . .     Gourm    .   (no shield)
rNeg     . . .     Faith    .   a - +0 robe
rPois    .         Spirit   .   b - +0 hat
rElec    .         Reflect  .   r - +2 cloak
rCorr    .         Harm     .   (no gloves)
MR       .....                  (no boots)
Stlth    +++.......             (no amulet)
HPRegen  0.11/turn              (no ring)
MPRegen  0.11/turn              (no ring)

@: agile, very slightly contaminated
A: claws 2, horns 2
a: no special abilities


You were on level 2 of the Dungeon.
You were not hungry.

You visited 1 branch of the dungeon, and saw 3 of its levels.

You collected 197 gold pieces.

Inventory:

Hand Weapons
 l - a +1 short sword of speed
Armour
 a - a +0 robe (worn)
 b - a +0 hat (worn)
 m - a scarf of cloud immunity
 r - a +2 cloak (worn)
Wands
 c - a wand of polymorph (10)
Scrolls
 f - a scroll of fear {unknown}
 g - 4 scrolls of identify {unknown}
 h - 2 scrolls of remove curse
 i - 3 scrolls of fog {unknown}
 j - 2 scrolls of teleportation {unknown}
 o - a scroll of enchant weapon {unknown}
 p - a scroll of amnesia {unknown}
Potions
 e - 2 potions of invisibility {unknown}
 k - a potion of agility
 n - 3 potions of degeneration {unknown}
 s - a potion of haste {unknown}
Comestibles
 d - 4 rations
 q - 6 chunks of flesh


   Skills:
 - Level 1.7 Dodging
 - Level 1.7 Stealth
 + Level 2.6 Unarmed Combat
 - Level 3.0 Spellcasting
 - Level 3.2 Conjurations
 - Level 2.0 Summonings
   Level 0.8 Translocations


You had 4 spell levels left.
You knew the following spells:

 Your Spells              Type           Power        Failure   Level  Hunger
a - Magic Dart            Conj           ###.         4%          1    None
b - Call Imp              Summ           ##......     10%         2    ##.....
c - Conjure Flame         Conj/Fire      #.......     24%         3    ###....

Your spell library contained the following spells:

 Spells                   Type           Power        Failure   Level  Hunger
 Slow                     Hex            #.......     22%         2    ##.....
 Mephitic Cloud           Conj/Pois/Air  #.......     30%         3    ###....
 Blink                    Tloc           N/A          16%         2    ##.....


Dungeon Overview and Level Annotations

Branches:
Dungeon (3/15)

Altars:
Gozag
Uskayaw


Innate Abilities, Weirdness & Mutations

You have very sharp fingernails.
You have a pair of horns on your head.


Message History

The gnoll hits you with a whip. The orc barely misses you.
You barely miss the orc. You headbutt the orc.
You kill the orc!
The gnoll hits you with a whip.
You are too injured to fight recklessly!
You are too injured to fight recklessly!
You scratch the gnoll.
The gnoll is moderately wounded.
The gnoll closely misses you.
You scratch the gnoll.
The gnoll is heavily wounded.
The gnoll hits you with a whip!
* * * LOW HITPOINT WARNING * * *
You closely miss the gnoll.
The gnoll is heavily wounded.
The gnoll closely misses you.
It was a potion of agility.
You feel agile all of a sudden. The gnoll hits you with a whip.
You die...

#..........##.# #.#
#..........##.# #.#
#.[........##.# #.#
## ########......#
#.# .# #.###### #.#
.## #.# #[# ..# #.#
#.#
#.###########.####
#.#
...............^@#
#.#
##.######.###.##g###
#.# #.## #.#
#.##.#<# #.# #..#
#.# #(##.#.# #.#
###'### #.#
#.##.#.####.#
......# #.#
#.##.#......#
......# #.#
#.##.#####..#
......# #.#
#.##.##.....#
......# #.#
#.##.##.##.##


You could see a gnoll.

Vanquished Creatures
  Jessica (D:2)
  Ijyb (D:2)
  2 adders
  An ooze (D:2)
  3 leopard geckos
  2 orcs (D:2)
  5 bats
  4 giant cockroaches
  8 hobgoblins
  3 jackals (D:2)
  A quokka (D:2)
  3 ball pythons (D:1)
  A ball python zombie (D:2)
  7 goblins (D:2)
  4 kobolds
  5 rats
51 creatures vanquished.

Vanquished Creatures (collateral kills)
  An adder (D:2)
  A hobgoblin (D:2)
2 creatures vanquished.

Grand Total: 53 creatures vanquished

Notes
Turn   | Place    | Note
-------+----------+-------------------------------------------
     0 | D:1      | dracos369 the Demonspawn Wizard began the quest for the Orb.
     0 | D:1      | Reached XP level 1. HP: 13/13 MP: 4/4
   317 | D:1      | Gained mutation: You have sharp fingernails. [demonic ancestry]
   317 | D:1      | Reached XP level 2. HP: 19/19 MP: 6/6
   641 | D:1      | Learned a level 2 spell: Call Imp
   732 | D:2      | Reached skill level 1 in Unarmed Combat
   738 | D:2      | Gained mutation: You have very sharp fingernails. [demonic ancestry]
   738 | D:2      | Reached XP level 3. HP: 20/24 MP: 2/7
   863 | D:2      | Found an opulent altar of Gozag.
   933 | D:2      | Learned a level 3 spell: Conjure Flame
  1178 | D:2      | Noticed Ijyb
  1425 | D:2      | Killed Ijyb
  1425 | D:2      | Gained mutation: You have a pair of small horns on your head. [demonic ancestry]
  1425 | D:2      | Reached XP level 4. HP: 30/30 MP: 5/8
  1581 | D:2      | Noticed Jessica
  1588 | D:2      | Killed Jessica
  1894 | D:3      | Noticed a hand axe
  1894 | D:3      | Noticed a hand axe
  1898 | D:3      | Found a hide-covered altar of Uskayaw.
  2017 | D:2      | Gained mutation: You have a pair of horns on your head. [demonic ancestry]
  2017 | D:2      | Reached XP level 5. HP: 25/35 MP: 9/9
  2081 | D:2      | HP: 1/35 [gnoll/whip (10)]
  2083 | D:2      | Slain by a gnoll

Skill      XL: |  1  2  3  4 |
---------------+-------------+-----
Conjurations   | 2 3 |  3.2
Unarmed Combat | 1 2 |  2.6
Summonings     | 2 |  2.0
Dodging        | |  1.7
Stealth        | |  1.7
Spellcasting   | |  3.0
Translocations | |  0.8

Action                   |  1- 3 |  4- 6 || total
-------------------------+-------+-------++-------
Melee: Hand axe          |    14 |       ||    14
       Short sword       |    18 |       ||    18
       Mace              |     2 |       ||     2
       Unarmed           |    41 |    68 ||   109
       Headbutt          |       |     6 ||     6
       Punch             |       |     1 ||     1
 Cast: Magic Dart        |    55 |    10 ||    65
       Call Imp          |     1 |       ||     1
  Use: Scroll            |     2 |       ||     2
       Potion            |       |     1 ||     1
 Stab: Sleeping          |     1 |     1 ||     2
  Eat: Chunk             |     1 |     3 ||     4
Armor: Robe              |    18 |    15 ||    33
       Skin              |     3 |       ||     3
Dodge: Dodged            |    32 |    42 ||    74
